 Dungeon Crawl Stone Soup version 0.31-a0-845-g9abc20d24f (webtiles) character file.

Game seed: 14346440240521486807

182 Ethylacetat the Changeling (level 5, -3/35 HPs)
             Began as an Octopode Shapeshifter on Oct 2, 2023.
             Was an Initiate of Gozag.
             Slain by an ogre
             ... wielding a +0 giant club
              (33 damage)
             ... on level 4 of the Dungeon.
             The game lasted 00:02:19 (2827 turns).

Ethylacetat the Changeling (Octopode Shapeshifter)  Turns: 2827, Time: 00:02:20

Health: -3/35      AC:  1    Str: 14    XL:     5   Next: 61%
Magic:  5/5        EV: 13    Int: 16    God:    Gozag
Gold:   208        SH:  0    Dex: 13    Spells: 4/4 levels left

rFire   + . .        m - +1 spear of Success {flame, rElec rF+ rCorr Int+4}
rCold   . . .        (no shield)
rNeg    . . .        (helmet currently unavailable)
rPois   .            (no amulet)
rElec   +            (no ring)
rCorr   +            (no ring)
SInv    .            (no ring)
Will    .....        (no ring)
Stlth   ++           (no ring)
HPRegen 0.25/turn    (no ring)
MPRegen 0.09/turn    (no ring)
                     (no ring)

%: no passive effects
@: beast-form, gold aura
A: beast (slay +2), almost no armour, amphibious, 8 rings, camouflage 1,
gelatinous body 1, (nimble swimmer 1), tentacles
a: Begin Untransformation, Renounce Religion, Potion Petition, Call Merchant,
Bribe Branch


You were on level 4 of the Dungeon.
You worshipped Gozag.
Gozag was aware of your devotion.
You were a hulking beast.
You visited 2 branches of the dungeon, and saw 5 of its levels.

You collected 334 gold pieces.
You paid 126 gold pieces to Gozag.

Inventory:

Hand Weapons
 m - the +1 spear of Success (weapon) {flame, rElec rF+ rCorr Int+4}
   (You found it on level 2 of the Dungeon)

   Int+4:     It affects your intelligence (+4).
   rF+:       It protects you from fire.
   rElec:     It insulates you from electricity.
   rCorr:     It protects you from acid and corrosion.
Jewellery
 o - a ring of positive energy
 q - a ring of positive energy
Talismans
 b - a beast talisman (active)
 c - a flux talisman
Wands
 v - a wand of charming (8)
 y - a wand of light (12)
Scrolls
 e - 2 scrolls of revelation {unknown}
 f - a scroll of immolation {unknown}
 g - 4 scrolls of identify {unknown}
 i - a scroll of vulnerability {unknown}
 j - 2 scrolls of blinking {unknown}
 s - a scroll of enchant weapon {unknown}
 t - a scroll of poison {unknown}
 x - a scroll of amnesia {unknown}
 z - a scroll of fear {unknown}
Potions
 a - 3 potions of lignification
 d - a potion of resistance {unknown}
 h - 2 potions of ambrosia {unknown}
 k - a potion of mutation {unknown}
 l - a potion of enlightenment {unknown}
 n - a potion of magic {unknown}
 p - a potion of heal wounds {unknown}
 r - a potion of degeneration {unknown}
 u - a potion of cancellation {unknown}
 w - a potion of curing {unknown}


   Skills:
 + Level 2.4 Fighting
 + Level 3.0 Dodging
 + Level 3.8 Unarmed Combat
 * Level 4.2 Shapeshifting


You had 4 spell levels left.
You didn't know any spells.
Your spell library contained the following spells:

 Spells                   Type           Power      Damage    Failure   Level
 Slow                     Hex            0%         N/A       26%         1
 Ensorcelled Hibernation  Hex/Ice        0%         N/A       36%         2
 Passwall                 Tmut/Erth      0%         N/A       36%         2
 Confusing Touch          Hex            0%         N/A       58%         3
 Sigil of Binding         Hex            0%         N/A       58%         3
 Swiftness                Air            0%         N/A       58%         3
 Vampiric Draining        Necr           0%         2d6       58%         3


Dungeon Overview and Level Annotations

Branches:
Dungeon (4/15)             Temple (1/1) D:4

Altars:
Ashenzari
Cheibriados
Dithmenos
Elyvilon
Fedhas
Gozag
Hepliaklqana
Kikubaaqudgha
Makhleb
Nemelex Xobeh
Okawaru
Ru
Sif Muna
Trog
Uskayaw
Vehumet
Wu Jian
Xom
Yredelemnul
Zin
The Shining One

Shops:
D:2 ?

Annotations:
D:4 3 runed translucent doors, CrazyBamboolord's ghost, amateur VSNe


Innate Abilities, Weirdness & Mutations

You are a hulking beast.
Your limbs bulge with bestial killing power. (Slay +2)
You cannot wear most types of armour.
You are amphibious.
You can wear up to eight rings at the same time.
Your skin changes colour to match your surroundings (Stealth+).
Your rubbery body absorbs attacks. (AC +1, EV +1)
((You are camouflaged when in or above water. (Stealth+)))
You have tentacles for arms and can constrict up to eight enemies at once.


Message History

An adder comes into view.
There is an open door here.
An adder is nearby!
No reachable target in view!
An adder is nearby!
No reachable target in view!
An adder is nearby!
No reachable target in view!
An adder is nearby!
No reachable target in view!
An adder is nearby!
No reachable target in view!
An adder is nearby!
No reachable target in view!
Found 15 gold pieces.
You hit the giant cockroach. You burn the giant cockroach.
Your grab misses the giant cockroach.
Your squeeze misses the giant cockroach.
The giant cockroach is almost dead.
The giant cockroach bites you but does no damage.
You barely miss the giant cockroach. You grab the giant cockroach.
You squeeze the giant cockroach.
You kill the giant cockroach!
No target in view!
Found 29 gold pieces.
You see here 3 gold pieces.
An ogre comes into view. It is wielding a +0 giant club.
You completely miss the adder. Your grab misses the adder.
The adder closely misses you.
You miss the adder. Your grab misses the adder. Your squeeze misses the adder.
The adder bites you.
You hit the adder. You burn the adder. You grab the adder.
The adder is moderately wounded.
You constrict the adder. The adder bites you. The adder closely misses you.
You hit the adder. You burn the adder.
You kill the adder!
The ogre hits you with a +0 giant club!!
Ouch! That really hurt!
You die...
Your body crumbles into a pile of gold.

#.## ...#.# #.##
...#.# ##.## ##
...#.## #...#
#....##.##.....#
#....
#.._.#$..8.....#
#...# #....#$.......
##### #..(.#$..$O.#
# # #.._.#$..8h.# #
#.#....##.##$.#
####### ##.#.⌠.⌠#
##...#### .......
#..##'#####.........
.######
#..............#####
#...#..#####.#.#
##....## #.#.#
####.######.#$#
#........#.#


You could see an ogre.

Vanquished Creatures
  Terence (D:2)
  7 adders
  A white imp (D:3)
  6 dart slugs
  3 orcs
  7 ball pythons
  5 bats
  11 endoplasms
  3 giant cockroaches
  3 goblins (D:1)
  6 hobgoblins
  6 jackals
  4 quokkas
  3 frilled lizards
  8 kobolds
  6 rats
80 creatures vanquished.

Notes
Turn   | Place    | Note
-------+----------+-------------------------------------------
     0 | D:1      | Ethylacetat the Octopode Shapeshifter began the quest for
                  | the Orb.
     0 | D:1      | Reached XP level 1. HP: 13/13 MP: 1/1
    73 | D:1      | Reached XP level 2. HP: 12/18 MP: 2/2
   346 | D:1      | Reached XP level 3. HP: 23/23 MP: 3/3
   889 | D:2      | Identified the +1 spear of Success {flame, rElec rF+ rCorr
                  | Int+4}
  1297 | D:2      | Found Ejoejoi's Magic Scroll Emporium.
  1353 | D:2      | Noticed Terence
  1364 | D:2      | Killed Terence
  1365 | D:2      | Reached XP level 4. HP: 21/29 MP: 4/4
  1893 | D:3      | Reached skill level 4 in Shapeshifting
  2008 | D:3      | Reached XP level 5. HP: 24/34 MP: 5/5
  2285 | D:3      | Found a sparkling altar of Nemelex Xobeh.
  2456 | D:4      | Found a staircase to the Ecumenical Temple.
  2476 | Temple   | Entered the Ecumenical Temple
  2483 | Temple   | Became a worshipper of Gozag Ym Sagoz the Greedy
  2619 | D:4      | Found a runed translucent gate.
  2620 | D:4      | Found a runed translucent gate.
  2620 | D:4      | Found a runed translucent gate.
  2621 | D:4      | Found an opulent altar of Gozag.
  2624 | D:4      | Noticed CrazyBamboolord's ghost (amateur VSNe)
  2811 | D:4      | Found a broken altar of Ashenzari.
  2811 | D:4      | Found a radiant altar of Vehumet.
  2823 | D:4      | Noticed an ogre
  2827 | D:4      | Slain by an ogre

Illustrated notes

Levels and vault maps discovered:
D:1:      lightli_arrival_maybe_door_vault, layout_loops_cross
D:2:      minmay_wonky_spiral, layout_loops_ring, serial_shops, shop_fountains,
          uniq_terence
D:3:      layout_loops_ring, nemelex_diamond_rough_becter, minmay_pentomino_pile
D:4:      layout_loops_ring, nicolae_qazlal_general_emergency,
          jmf_multi_god_temple, minmay_temple_entry_crystal_x,
          ebering_ghost_gozag, minmay_bisected
Temple:   nicolae_temple_no_exploring_needed

Skill      XL: |  1  2  3  4  5 |
---------------+----------------+-----
Fighting       | 2 |  2.4
Shapeshifting  | 4 |  4.2
Dodging        | 3 |  3.0
Unarmed Combat | |  3.8

Action                     |  1- 3 |  4- 6 || total
---------------------------+-------+-------++-------
  Melee: Unarmed           |    54 |       ||    54
         Constrict         |    19 |    17 ||    36
         Tentacles         |    16 |     9 ||    25
         Spear             |    19 |    87 ||   106
         Punch             |     2 |     2 ||     4
   Stab: Sleeping          |     5 |    16 ||    21
         Distracted        |     1 |       ||     1
 Armour: Skin              |    14 |    22 ||    36
  Dodge: Dodged            |    43 |    25 ||    68

Table legend: (Time is in decaauts)
 A = Elapsed time spent in this place.
 B = Non-inter-level travel time spent in this place.
 C = Inter-level travel time spent in this place.
 D = Time resting spent in this place.
 E = Time spent auto-exploring this place.
 F = Levels seen in this place.
 G = Mean time per level.
                   A        B        C        D        E       F      G
               +--------+--------+--------+--------+--------+-----+--------+
         Total |   2833 |   2670 |    163 |      0 |   2220 |   5 |  566.6 |
       Dungeon |   2819 |   2662 |    157 |      0 |   2220 |   4 |  704.8 |
        Temple |     14 |      8 |      6 |      0 |      0 |   1 |   14.0 |
               +--------+--------+--------+--------+--------+-----+--------+

Top non-repeatable levels by time:
     D:2: 899 daAuts
     D:1: 825 daAuts
     D:3: 697 daAuts
     D:4: 396 daAuts
  Temple: 14 daAuts
